 Dungeon Crawl Stone Soup version 0.30-a0-292-g0f741e3f8e (webtiles) character file.

Game seed: 14570659482323792686

29365 ryw the Fighter (level 13, -8/99 HPs)
             Began as a Demonspawn Monk on Oct 18, 2022.
             Was the Champion of Hepliaklqana.
             Mangled by an elephant (11 damage)
             ... on level 2 of the Lair of Beasts.
             The game lasted 00:47:08 (16815 turns).

ryw the Fighter (Demonspawn Monk)                  Turns: 16815, Time: 00:47:08

Health: -8/99      AC: 13    Str: 13    XL:     13   Next: 14%
Magic:  16/27      EV: 27    Int: 21    God:    Hepliaklqana [******]
Gold:   579        SH:  8    Dex: 16    Spells: 8/28 levels left

rFire   + . .      SeeInvis .    a - +5 long sword
rCold   . . .      Faith    .    (no shield)
rNeg    . . .      Spirit   .    H - +3 leather armour {rF+}
rPois   .          Reflect  .    p - +1 helmet
rElec   .          Harm     .    Q - +0 cloak
rCorr   +          Rampage  .    (no gloves)
Will    .....                    (no boots)
Stlth   ++........               i - amulet of the acrobat
HPRegen 0.36/turn                y - +6 ring of intelligence
MPRegen 0.20/turn                o - ring of resist corrosion

@: acrobatic
A: reduced essence, hooves 2, icemail 1, powered by death 1, condensation
shield, large bone plates 1, high MP 1, sense surroundings 1
a: Renounce Religion, Recall Ancestor, Ancestor Identity, Transference, Idealise


You were on level 2 of the Lair of Beasts.
You worshipped Hepliaklqana.
Hepliaklqana was exalted by your worship.
You visited 3 branches of the dungeon, and saw 16 of its levels.

You collected 915 gold pieces.
You spent 336 gold pieces at shops.

Inventory:

Hand Weapons
 a - a +5 long sword (weapon)
 b - a +0 arbalest
 E - a +3 morningstar of protection
 G - a +1 dagger of venom
 I - a +2 falchion of flaming
Missiles
 l - 3 atropa-tipped darts
 r - 6 silver javelins (quivered)
 F - 2 boomerangs of dispersal
Armour
 p - a +1 helmet (worn)
 H - a +3 leather armour of fire resistance (worn)
 Q - a +0 cloak (worn)
Jewellery
 i - an amulet of the acrobat (around neck)
 o - a ring of resist corrosion (right hand)
 s - a +4 ring of slaying
 t - an amulet of regeneration
 u - an amulet of magic regeneration
 y - a +6 ring of intelligence (left hand)
 A - a +6 ring of strength
 M - a ring of ice
Wands
 f - a wand of paralysis (16)
 B - a wand of roots (6)
 C - a wand of flame (43)
 J - a wand of acid (5)
 K - a wand of mindburst (5)
 P - a wand of polymorph (7)
Scrolls
 d - 4 scrolls of blinking
 n - 6 scrolls of magic mapping
 v - 11 scrolls of teleportation
 x - a scroll of silence
 z - 4 scrolls of amnesia
 L - 3 scrolls of fog
Potions
 c - 3 potions of attraction
 e - 3 potions of lignification
 g - 2 potions of mutation
 h - 3 potions of flight
 j - 4 potions of curing
 k - a potion of heal wounds
 m - 2 potions of might
 q - a potion of resistance
 w - a potion of haste {unknown}
 D - 2 potions of berserk rage {unknown}
 O - a potion of brilliance {unknown}
Miscellaneous
 N - a box of beasts


   Skills:
 + Level 13.6 Fighting
 + Level 9.0 Long Blades
 - Level 2.6 Dodging
 - Level 1.7 Stealth
 - Level 2.6 Unarmed Combat
 - Level 8.1 Spellcasting
 + Level 12.8 Summonings


You had 8 spell levels left.
You knew the following spells:

 Your Spells              Type           Power      Damage    Failure   Level
a - Summon Small Mammal   Summ           100%       N/A       1%          1
b - Call Canine Familiar  Summ           58%        N/A       1%          3
c - Summon Guardian Gole  Hex/Summ       35%        N/A       2%          3
d - Summon Cactus Giant   Summ           29%        N/A       8%          6
e - Summon Hydra          Summ           29%        N/A       41%         7

Your spell library contained the following spells:

 Spells                   Type           Power      Damage    Failure   Level
 Apportation              Tloc           16%        N/A       10%         1
 Necrotise                Necr           32%        1d5       10%         1
 Ensorcelled Hibernation  Hex/Ice        16%        N/A       16%         2
 Passwall                 Tmut/Erth      6%         N/A       16%         2
 Scorch                   Fire           16%        2d6       16%         2
 Sublimation of Blood     Necr           8%         N/A       16%         2
 Wereblood                Tmut           8%         N/A       16%         2
 Dazzling Flash           Conj/Hex       16%        N/A       30%         3
 Gell's Gravitas          Tloc           8%         N/A       30%         3
 Inner Flame              Hex/Fire       8%         N/A       30%         3
 Portal Projectile        Hex/Tloc       16%        N/A       30%         3
 Swiftness                Air            8%         N/A       30%         3
 Teleport Other           Tloc           8%         N/A       30%         3
 Tukima's Dance           Hex            8%         N/A       30%         3
 Flame Wave               Conj/Fire      8%         2d5       69%         4
 Iskenderun's Mystic Bla  Conj/Tloc      8%         2d4       69%         4
 Sticky Flame             Conj/Fire      8%         2d3       69%         4
 Alistair's Intoxication  Tmut/Pois      5%         N/A       95%         5
 Blade Hands              Tmut           4%         N/A       95%         5
 Spellforged Servitor     Conj/Summ      17%        N/A       99%         7
 Dispersal                Tloc           4%         N/A       100%        6
 Starburst                Conj/Fire      4%         6d3       100%        6
 Orb of Destruction       Conj           4%         9d5       100%        7


Dungeon Overview and Level Annotations

Branches:
Dungeon (13/15)            Temple (1/1) D:5            Lair (2/5) D:10
 Shoals (0/4) Lair:2          Orc (0/2) D:11
  Snake: Lair:2-3    Spider: Lair:2-3    Vaults: D:13-14

Altars:
Ashenzari
Cheibriados
Fedhas
Gozag
Hepliaklqana
Kikubaaqudgha
Makhleb
Nemelex Xobeh
Qazlal
Ru
Trog
Uskayaw
Vehumet
Wu Jian
Xom
Yredelemnul

Shops:
D:3 :   D:9 *   D:13 ((=

Portals:
Trove: D:13 (give +3 gold dragon scales)

Annotations:
D:13 1 transporter, Usinnox's ghost, journeyman OpCj
Lair:2 1 runed translucent door, Palms's ghost, journeyman NaIE


Innate Abilities, Weirdness & Mutations

Your life essence is reduced to manifest your ancestor. (-10% HP)
You have hoof-like feet.
A meltable icy envelope protects you from harm. (AC +4)
You regenerate a little health from kills.
A meltable shield of frost defends you. (SH +4)
You are partially covered in large bone plates. (SH +4)
You have an increased reservoir of magic. (+10% MP)
You passively map a small area around you.


Message History

You kick the elephant, but do no damage.
The elephant is moderately wounded.
The elephant tramples your guardian golem!
Your guardian golem stumbles backwards!
You slash the elephant!
You kick the elephant, but do no damage.
The elephant is heavily wounded.
Your quokka completely misses the elephant.
The elephant closely misses you.
The elephant trunk-slaps you but does no damage.
The elephant barely misses you.
The elephant trunk-slaps you but does no damage.
You hit the elephant.
You kick the elephant, but do no damage.
The elephant is heavily wounded.
Your quokka bites the elephant but does no damage.
The elephant tramples you!
* * * LOW HITPOINT WARNING * * *
You stumble backwards!
You slash the elephant!
You kick the elephant, but do no damage.
The elephant is heavily wounded.
The elephant tramples you.
* * * LOW HITPOINT WARNING * * *
You stumble backwards!
Casting: Summon Guardian Golem (mildly dangerous; 2% risk of failure)
Confirm with . or Enter, or press ? or * to list all spells.
A guardian golem appears, shielding your allies.
Your guardian golem disappears in a puff of smoke!
Your quokka bites the elephant.
The elephant tramples you!
* * * LOW HITPOINT WARNING * * *
You stumble backwards!
Casting: Summon Guardian Golem (mildly dangerous; 2% risk of failure)
Confirm with . or Enter, or press ? or * to list all spells.
The elephant tramples you!
* * * LOW HITPOINT WARNING * * *
You hold your ground!
The elephant barely misses you.
Your quokka bites the elephant but does no damage.
The elephant tramples you!
You die...

....... #.....##......######.....
.......*#.#..........# ## ##....
.......##..#.........##.### #...P
.................................
...............................(.
................†........<.......
................?.†.!............
...........>.....h..........(....
..... ..........@.........##.....
. .##.....Y.9.........,, ,
#....##YY..#......
#....#.r...P......
*#...Y##.§..P...... ,
#..rR§r....P...... ,* *
##...##..§........ * , ,
###.##....#.... *, ..........## ,
,


You could see 3 elephants, a friendly guardian golem (summoned), a friendly warg
(summoned, sheltered) and 2 friendly quokkas.

Vanquished Creatures
  A fire dragon (D:13)
  A cyclops (D:12)
  An unseen horror (D:13)
  2 trolls
  2 blink frogs
  2 wyverns
  2 wraiths
  2 basilisks
  14 yaks
  2 vampire mosquitoes (D:11)
  7 water moccasins
  An acid dragon (D:13)
  5 orc warriors
  A black bear (D:4)
  An ogre (D:7)
  2 wolves (D:10)
  7 centaurs
  3 kobold brigands
  3 bullfrogs
  A scorpion (D:5)
  4 wights
  8 killer bees
  3 howler monkeys
  3 jellies
  3 hounds
  5 orc priests
  3 iguanas
  6 orc wizards
  2 hexers
  Robin (D:3)
  7 adders
  10 gnolls
  A white imp (D:8)
  2 ufetubi
  3 dart slugs
  45 orcs
  5 ball pythons
  4 endoplasms
  12 giant cockroaches
  17 goblins
  17 hobgoblins
  8 jackals
  2 quokkas
  5 bats
  2 frilled lizards
  15 kobolds
  8 rats
  A spectral orc (D:9)
262 creatures vanquished.

Vanquished Creatures (collateral kills)
  Fannar (D:10)
  A hydra (D:13)
  2 catoblepae
  3 two-headed ogres
  The ghost of Puggon the Stormcaller, a journeyman TeAE of Ashenzari (Lair:1)
  A lindwurm (Lair:1)
  An ugly thing (D:12)
  An oklob plant (Lair:2)
  A manticore (D:13)
  A black mamba (shapeshifter) (D:13)
  2 elephants (Lair:2)
  A black mamba (Lair:1)
  A gargoyle (D:13)
  An unseen horror (D:11)
  3 cane toads
  A komodo dragon (Lair:2)
  A guardian mummy (D:13)
  2 trolls
  4 slime creatures
  5 blink frogs
  14 yaks
  2 wraiths (D:13)
  2 wyverns
  2 vampire mosquitoes (D:11)
  An acid dragon (D:11)
  2 water moccasins
  Duvessa (D:5)
  5 orc warriors
  2 sky beasts
  A black bear (D:5)
  An ogre (D:5)
  A centaur (D:6)
  A bullfrog (Lair:1)
  A gnoll sergeant (D:10)
  A scorpion (D:6)
  9 wights
  Dowan (D:5)
  8 killer bees
  A howler monkey (D:11)
  2 electric eels (D:10)
  4 hounds
  A jelly (D:7)
  3 gnoll boudas
  2 orc priests
  5 orc wizards
  8 gnolls
  An adder (D:6)
  A white imp (D:6)
  33 orcs
  9 kobolds
159 creatures vanquished.

Vanquished Creatures (others)
  Josephine (D:13)
  An orc knight (D:11)
  A manticore (D:6)
  Joseph (D:7)
  A komodo dragon (Lair:1)
  A guardian mummy (D:13)
  A blink frog (Lair:1)
  2 orc warriors (D:11)
  2 orc priests
  9 hexers
  A gnoll (D:10)
  A kobold (D:7)
  10 fungi (Lair:2)
  5 plants (Lair:2)
37 creatures vanquished.

Grand Total: 458 creatures vanquished

Notes
Turn   | Place    | Note
-------+----------+-------------------------------------------
     0 | D:1      | ryw the Demonspawn Monk began the quest for the Orb.
     0 | D:1      | Reached XP level 1. HP: 18/18 MP: 1/1
   127 | D:1      | Gained mutation: You have large cloven feet. [demonic
                  | ancestry]
   127 | D:1      | Reached XP level 2. HP: 24/24 MP: 2/2
   526 | D:1      | Reached skill level 4 in Fighting
   926 | D:2      | Gained mutation: A meltable shield of frost defends you.
                  | (SH +4) [demonic ancestry]
   926 | D:2      | Reached XP level 3. HP: 29/30 MP: 3/3
   981 | D:2      | Learned a level 1 spell: Summon Small Mammal
  1461 | D:2      | Reached skill level 1 in Summonings
  1470 | D:2      | Gained mutation: A meltable icy envelope protects you from
                  | harm. (AC +4) [demonic ancestry]
  1470 | D:2      | Reached XP level 4. HP: 36/38 MP: 5/5
  1475 | D:2      | Reached skill level 1 in Spellcasting
  1942 | D:3      | Noticed Robin
  1986 | D:3      | Killed Robin
  2084 | D:3      | Gained mutation: You regenerate a little health from kills.
                  | [demonic ancestry]
  2084 | D:3      | Reached XP level 5. HP: 43/43 MP: 7/7
  2157 | D:3      | Reached skill level 5 in Fighting
  2434 | D:3      | Found Sosime's Book Shop.
  2724 | D:4      | Reached XP level 6. HP: 39/51 MP: 9/9
  3540 | D:5      | Entered Level 5 of the Dungeon
  3545 | D:5      | Found a blossoming altar of Fedhas.
  3549 | D:5      | Noticed Dowan
  3554 | D:5      | Noticed Duvessa
  3577 | D:5      | Found an ornate altar of the Wu Jian Council.
  3619 | D:5      | Found a staircase to the Ecumenical Temple.
  3627 | Temple   | Entered the Ecumenical Temple
  3638 | Temple   | Became a worshipper of Hepliaklqana the Forgotten
  3638 | Temple   | Reached * piety under Hepliaklqana
  3638 | Temple   | Reached ** piety under Hepliaklqana
  3639 | Temple   | Remembered your ancestor Tertia as a hexer
  3754 | D:5      | Reached XP level 7. HP: 49/51 MP: 11/11
  3809 | D:5      | Reached skill level 6 in Fighting
  3897 | D:5      | Killed Dowan
  3900 | D:5      | Killed Duvessa
  3966 | D:5      | Learned a level 3 spell: Call Canine Familiar
  3970 | D:5      | Learned a level 3 spell: Summon Guardian Golem
  4050 | D:5      | Found a burning altar of Makhleb.
  4138 | D:5      | Noticed a two-headed ogre
  4144 | D:5      | Killed a two-headed ogre
  4145 | D:5      | Reached skill level 7 in Fighting
  4145 | D:5      | Reached skill level 5 in Spellcasting
  4145 | D:5      | Reached skill level 5 in Summonings
  4145 | D:5      | Reached XP level 8. HP: 46/60 MP: 9/15
  4851 | D:6      | Gained mutation: You have hoof-like feet. [demonic
                  | ancestry]
  4851 | D:6      | Reached XP level 9. HP: 49/66 MP: 15/17
  4905 | D:6      | Reached skill level 8 in Fighting
  5143 | D:6      | Noticed a manticore
  5160 | D:6      | Killed a manticore
  5311 | D:6      | Reached *** piety under Hepliaklqana
  6456 | D:7      | Found a stormy altar of Qazlal.
  6867 | D:7      | Reached skill level 9 in Fighting
  6984 | D:7      | Killed Joseph
  7284 | D:7      | Reached XP level 10. HP: 55/74 MP: 19/21
  7941 | D:8      | Found an ancient bone altar of Kikubaaqudgha.
  8497 | D:8      | Reached **** piety under Hepliaklqana
  8575 | D:8      | Found a shimmering altar of Xom.
  8696 | D:3      | Bought a book of Blood for 336 gold pieces
  8704 | D:3      | Learned a level 7 spell: Summon Hydra
  9034 | D:8      | Found a shimmering altar of Xom.
  9034 | D:8      | Found a shimmering altar of Xom.
  9034 | D:8      | Found a shimmering altar of Xom.
  9036 | D:8      | Found a shimmering altar of Xom.
  9046 | D:8      | Found a shimmering altar of Xom.
  9047 | D:8      | Found a shimmering altar of Xom.
  9143 | D:9      | Reached skill level 1 in Long Blades
  9144 | D:9      | Found Ruob's Assorted Antiques.
  9294 | D:9      | Noticed a two-headed ogre
  9301 | D:9      | Killed a two-headed ogre
  9435 | D:9      | Learned a level 6 spell: Summon Cactus Giant
  9438 | D:9      | Noticed a two-headed ogre
  9447 | D:9      | Killed a two-headed ogre
  9448 | D:9      | Reached skill level 10 in Fighting
  9876 | D:9      | Found a basalt altar of Yredelemnul.
 10216 | D:10     | Entered Level 10 of the Dungeon
 10265 | D:10     | Noticed Fannar
 10297 | D:10     | Killed Fannar
 10307 | D:10     | Reached XP level 11. HP: 50/82 MP: 16/23
 10677 | D:10     | Reached skill level 10 in Summonings
 10818 | D:10     | Found a staircase to the Lair.
 11064 | D:10     | Reached skill level 11 in Fighting
 11140 | D:10     | Found a snail-covered altar of Cheibriados.
 11187 | D:10     | Found a radiant altar of Vehumet.
 11215 | D:11     | Noticed an orc knight
 11618 | D:11     | Reached ***** piety under Hepliaklqana
 11816 | D:11     | Reached skill level 5 in Long Blades
 12249 | D:11     | Killed an orc knight
 12359 | D:11     | Found a staircase to the Orcish Mines.
 12844 | D:12     | Noticed a purple ugly thing
 12855 | D:12     | Killed a purple ugly thing
 13618 | D:13     | Noticed a catoblepas
 13628 | D:13     | Killed a catoblepas
 13629 | D:13     | Reached skill level 12 in Fighting
 13743 | D:13     | Reached XP level 12. HP: 91/91 MP: 20/24
 13791 | D:13     | Noticed Josephine
 13807 | D:13     | Killed Josephine
 13902 | D:13     | Noticed a fire dragon
 13913 | D:13     | Killed a fire dragon
 13949 | D:13     | Found a transporter.
 13954 | D:13     | Noticed Usinnox's ghost (journeyman OpCj)
 13956 | D:13     | Found Xaareh's Jewellery Shoppe.
 13957 | D:13     | Noticed a fire dragon
 13985 | D:13     | Found Beiwn's Antique Weapon Shop.
 14103 | D:13     | Noticed a four-headed hydra
 14110 | D:13     | Killed a four-headed hydra
 14135 | D:13     | Found Mam Usak's Weapon Boutique.
 14207 | D:13     | Found a portal to a secret trove of treasure.
 14426 | Lair:1   | Entered Level 1 of the Lair of Beasts
 14729 | D:10     | Gained mutation: You passively map a small area around you.
                  | [potion of mutation]
 14729 | D:10     | Gained mutation: You have an increased reservoir of magic.
                  | (+10% MP) [potion of mutation]
 14729 | D:10     | Gained mutation: You are partially covered in large bone
                  | plates. (SH +4) [potion of mutation]
 15025 | Lair:1   | Found a runed translucent door.
 15026 | Lair:1   | Noticed Puggon's ghost (journeyman TeAE)
 15327 | Lair:1   | Reached skill level 13 in Fighting
 15595 | Lair:1   | Killed Puggon's ghost
 15830 | Lair:2   | Noticed a catoblepas
 16156 | Lair:2   | Killed a catoblepas
 16332 | Lair:2   | Reached XP level 13. HP: 84/99 MP: 27/27
 16609 | Lair:2   | Reached ****** piety under Hepliaklqana
 16666 | Lair:2   | Found a runed translucent door.
 16671 | Lair:2   | Noticed Palms's ghost (journeyman NaIE)
 16814 | Lair:2   | HP: 3/99 [elephant (9)]
 16815 | Lair:2   | Mangled by an elephant

Illustrated notes

Levels and vault maps discovered:
D:1:      mrwooster_arrival_statue, layout_basic
D:2:      layout_loops_corners
D:3:      minmay_roachtagon, layout_basic, serial_shops, shop,
          guppyfry_early_orc_mine, uniq_robin
D:4:      layout_loops_cross, patterned_corridor
D:5:      layout_basic, grunt_temple_overflow_open, general_overflow_altar,
          elyvilon_altar_4, minmay_temple_entry_hall, kennysheep_nondescript,
          kennysheep_generic_room_15, uniq_duvessa
D:6:      layout_cave_pools, hex_tiny, kb_rosetta
D:7:      layout_loops_ring, mainiacjoe_overflow_tiny_flanked, minmay_holes,
          lemuel_flamethrower_2, uniq_joseph
D:8:      layout_rooms, mainiacjoe_overflow_surrounded_room, xom_redecorated,
          serial_co_window_serial, co_window_paths_a, co_window_corner_a,
          co_window_of_opportunity_a, co_window_paths_a, co_window_paths_a,
          co_window_corner_ca, co_window_2corner, co_window_corner_cb,
          co_window_corner_cb, co_window_unsneaky_path_a, co_window_broadway_b,
          co_window_corner_b, glass_columns_a, glass_columns_a, glass_columns_b,
          glass_columns_a, glass_columns_c, special_room [special_room_orc]
D:9:      layout_basic, yredelemnul_forgotten_temple_becter, serial_shops,
          shop_fountains, item_on_display_a
D:10:     layout_cave_pools, mainiacjoe_overflow_two_lobes, erik_lair_island,
          serial_glass, glass_columns_c, glass_columns_c, feat_on_display,
          minmay_strange_pillars, uniq_fannar
D:11:     layout_roguey, david_orc_5
D:12:     layout_loops_ring
D:13:     layout_roguey, david_vaults_4, serial_shops,
          nicolae_inconvenience_store, nicolae_lakefront_shop,
          nicolae_shop_bloodbath_and_beyond, shop,
          gammafunk_ghost_berserking_beasts, nicolae_trove_entry_path_of_doom,
          kennysheep_generic_room_9, uniq_josephine
Temple:   nicolae_temple_hex_pool
Lair:1:   layout_big_grid, ebering_ghost_reflecting_pool, lemuel_fruit_tree
Lair:2:   layout_regular_city, elwin_shoals_entry_rooms,
          ebering_ghost_inner_flame

Skill      XL: |  1  2  3  4  5  6  7  8  9 10 11 12 13 |
---------------+----------------------------------------+-----
Fighting       | 4 5 7 9 10 12 13 | 13.6
Summonings     | 1 2 3 5 6 8 9 11 12 | 12.8
Spellcasting   | 1 2 3 5 7 8 |  8.1
Long Blades    | 3 6 8 9 |  9.0
Dodging        | |  2.6
Stealth        | |  1.7
Unarmed Combat | |  2.6

Action                   |  1- 3 |  4- 6 |  7- 9 | 10-12 | 13-15 || total
-------------------------+-------+-------+-------+-------+-------++-------
Melee: Unarmed           |    61 |       |       |       |       ||    61
       Punch             |     3 |     5 |     7 |    18 |     1 ||    34
       Dagger            |    70 |   226 |   247 |    77 |       ||   620
       Kick              |    22 |    68 |    87 |   175 |    28 ||   380
       Long sword        |       |       |       |   382 |    49 ||   431
 Fire: Arbalest          |       |       |     2 |     1 |       ||     3
 Cast: Summon Small Mamm |       |     2 |    16 |    34 |     2 ||    54
       Call Canine Famil |       |       |    21 |    63 |     3 ||    87
       Summon Guardian G |       |       |     1 |    25 |     4 ||    30
       Summon Cactus Gia |       |       |       |     1 |     1 ||     2
Invok: Ancestor Life: He |       |     1 |       |       |       ||     1
       Recall Ancestor   |       |       |     3 |     5 |       ||     8
  Use: Potion            |     1 |       |       |     4 |       ||     5
       Scroll            |       |    10 |     3 |    10 |       ||    23
 Stab: Sleeping          |     4 |     5 |       |     1 |       ||    10
       Confused          |       |       |     8 |    11 |       ||    19
       Distracted        |       |       |     4 |     6 |       ||    10
       Petrifying        |       |       |       |     1 |       ||     1
Armor: Robe              |    11 |    57 |       |       |       ||    68
       Leather armour    |       |    28 |    60 |   196 |    22 ||   306
Dodge: Dodged            |   100 |   154 |   116 |   365 |    35 ||   770
Block: Other             |     8 |    46 |    31 |   134 |    26 ||   245

Table legend: (Time is in decaauts)
 A = Elapsed time spent in this place.
 B = Non-inter-level travel time spent in this place.
 C = Inter-level travel time spent in this place.
 D = Time resting spent in this place.
 E = Time spent auto-exploring this place.
 F = Levels seen in this place.
 G = Mean time per level.
                   A        B        C        D        E       F      G
               +--------+--------+--------+--------+--------+-----+--------+
         Total |  16889 |  15980 |    909 |   2348 |  10272 |  16 | 1055.6 |
       Dungeon |  14631 |  13775 |    856 |   2097 |   8762 |  13 | 1125.5 |
        Temple |     73 |     40 |     33 |      0 |     25 |   1 |   73.0 |
          Lair |   2184 |   2164 |     20 |    251 |   1485 |   2 | 1092.0 |
               +--------+--------+--------+--------+--------+-----+--------+

Top non-repeatable levels by time:
     D:7: 2290 daAuts
  Lair:1: 1441 daAuts
    D:10: 1414 daAuts
     D:9: 1251 daAuts
     D:8: 1094 daAuts
     D:5: 1078 daAuts
     D:2: 1059 daAuts
    D:11: 1039 daAuts
    D:12: 973 daAuts
     D:6: 924 daAuts
     D:4: 911 daAuts
    D:13: 890 daAuts
     D:3: 872 daAuts
     D:1: 829 daAuts
  Lair:2: 743 daAuts
